 Dungeon Crawl Stone Soup version 0.28.0-53-g5a82cb258f (webtiles) character file.

Game seed: 8232414649158435901

30349 safid the Destroyer (level 13, -8/86 HPs)
             Began as a Gargoyle Earth Elementalist on Sept 7, 2022.
             Was an Elder of Vehumet.
             Mangled by a frost giant
             ... wielding a +2 battleaxe of freezing
              (20 damage)
             ... in an ice cave on Sept 8, 2022.
             The game lasted 00:37:01 (20609 turns).

safid the Destroyer (Gargoyle Earth Elementalist)  Turns: 20609, Time: 00:37:01

Health: -8/86      AC: 15    Str: 13    XL:     13   Next: 51%
Magic:  16/28      EV: 12    Int: 20    God:    Vehumet [****..]
Gold:   614        SH:  5    Dex: 10    Spells: 30/34 levels left

rFire   + . .      SeeInvis .   d - staff of earth
rCold   + + .      Faith    .   (no shield)
rNeg    + . .      Spirit   .   b - +0 robe
rPois   ∞          Reflect  +   (helmet restricted)
rElec   +          Harm     .   (no cloak)
rCorr   +          Rampage  .   (no gloves)
Will    +....                   v - +0 pair of boots
Stlth   ++........              s - amulet of reflection
HPRegen 0.24/turn               t - ring of protection from cold
MPRegen 0.21/turn               a - +4 ring of protection

@: resistant
A: sickness immunity, AC +9, negative energy resistance 1, electricity
resistance, torment resistance 1, petrification resistance, antennae 1, deformed
body, strong-willed 1
a: Renounce Religion


You were in an ice cave.
You worshipped Vehumet.
Vehumet was greatly pleased with you.
You visited 3 branches of the dungeon, and saw 15 of its levels.
You also visited: Ossuary and Ice Cave.

You collected 614 gold pieces.

Inventory:

Missiles
 c - 44 stones
Armour
 b - a +0 robe (worn)
 v - a +0 pair of boots (worn)
 x - a +1 helmet
Magical Staves
 d - a staff of earth (weapon)
Jewellery
 a - a +4 ring of protection (right hand)
 p - a ring of flight
 s - an amulet of reflection (around neck)
 t - a ring of protection from cold (left hand)
 K - a ring of protection from cold
Wands
 o - a wand of polymorph (23)
 r - a wand of iceblast (11)
 L - a wand of flame (3)
Scrolls
 i - 2 scrolls of magic mapping
 j - a scroll of amnesia
 u - a scroll of holy word
 w - 2 scrolls of brand weapon
 y - 4 scrolls of fog
 E - a scroll of blinking {unknown}
 M - 2 scrolls of enchant armour {unknown}
 N - a scroll of silence {unknown}
Potions
 f - 2 potions of mutation
 g - 2 potions of resistance
 h - 4 potions of cancellation
 k - 6 potions of curing
 l - a potion of might {unknown}
 m - 2 potions of invisibility {unknown}
 n - 2 potions of berserk rage {unknown}
 q - 3 potions of ambrosia
 z - 2 potions of magic {unknown}
 A - a potion of flight {unknown}
 C - a potion of attraction {unknown}
 F - 2 potions of lignification {unknown}
 H - 4 potions of heal wounds {unknown}
 I - 2 potions of haste {unknown}
 J - 3 potions of brilliance {unknown}
Miscellaneous
 D - a lightning rod (4/4)


   Skills:
 - Level 12.0 Fighting
 - Level 2.0 Dodging
 - Level 2.1 Stealth
 + Level 11.1 Spellcasting
 + Level 12.7 Conjurations
 - Level 3.0 Translocations
 - Level 0.7 Transmutations
 - Level 12.0 Earth Magic
 - Level 4.0 Evocations


You had 30 spell levels left.
You knew the following spells:

 Your Spells              Type           Power      Damage    Failure   Level
a - Sandblast             Erth           100%       2d20      1%          1
b - Stone Arrow           Conj/Erth      100%       3d13      1%          3

Your spell library contained the following spells:

 Spells                   Type           Power      Damage    Failure   Level
 Ozocubu's Refrigeration  Ice            5%         4d6       100%        7
 Foxfire                  Conj/Fire      100%       2x1d9     1%          1
 Passwall                 Tmut/Erth      44%        N/A       1%          2
 Flame Wave               Conj/Fire      36%        2d9       1%          4
 Blink                    Tloc           46%        N/A       2%          2
 Petrify                  Tmut/Erth      53%        N/A       4%          4
 Inner Flame              Hex/Fire       11%        N/A       5%          3
 Portal Projectile        Hex/Tloc       34%        N/A       10%         3
 Manifold Assault         Tloc           23%        N/A       45%         5
 Blade Hands              Tmut           7%         N/A       77%         5
 Excruciating Wounds      Necr           5%         N/A       86%         5
 Storm Form               Tmut/Air       6%         N/A       100%        7
 Statue Form              Tmut/Erth      Unusable   N/A       N/A         6

Dungeon Overview and Level Annotations

Branches:
Dungeon (11/15)            Temple (1/1) D:7            Lair (3/6) D:10
 Shoals (0/4) Lair:2      Ossuary (visited)           IceCv (1/1)
  Snake: Lair:2-4    Spider: Lair:2-4       Orc: D:9-12

Altars:
Ashenzari
Cheibriados
Dithmenos
Elyvilon
Fedhas
Gozag
Hepliaklqana
Kikubaaqudgha
Makhleb
Nemelex Xobeh
Okawaru
Qazlal
Ru
Sif Muna
Trog
Uskayaw
Vehumet
Wu Jian
Xom
Yredelemnul
Zin
The Shining One

Shops:
D:3 [   D:8 [

Annotations:
D:4 1 runed translucent door, Crazy Yiuf
D:9 2 runed translucent doors, Diggabert's ghost, novice VSGl


Innate Abilities, Weirdness & Mutations

You are immune to sickness and miasma.
Your stone body is resilient. (AC +9)
You are immune to poison.
You resist negative energy. (rN+)
You are resistant to electric shocks. (rElec)
You are resistant to unholy torment.
You are immune to petrification.
You have a pair of small antennae on your head.
Armour fits poorly on your strangely shaped body.
You are strong-willed. (Will+)


Message History

Your death yak dissolves into shadows!
You sense a monster nearby.
The frost giant shouts!
The frost giant casts a spell at you. The bolt of cold hits you! You resist.
* * * LOW HITPOINT WARNING * * *
Casting: Sandblast (safe; 1% risk of failure)
Confirm with . or Enter, or press ? or * to list all spells.
Aiming: Stone Arrow (safe; 1% risk of failure)
Press: ? - help, Shift-Dir - straight line, f - frost giant
Aim: a frost giant, wielding a +2 battleaxe of freezing (lightly wounded, 98% to hit)
You feel a surge of power!
The stone arrow hits the frost giant!!
The frost giant is moderately wounded.
Unknown command.
Casting: Stone Arrow (safe; 1% risk of failure)
Confirm with . or Enter, or press ? or * to list all spells.
Aiming: Stone Arrow (safe; 1% risk of failure)
Press: ? - help, Shift-Dir - straight line, f/p - frost giant
Aim: a frost giant, wielding a +2 battleaxe of freezing (lightly wounded, 98% to hit)
You feel a surge of power!
The stone arrow hits the frost giant.
The frost giant is moderately wounded.
The frost giant barely misses you.
Casting: Stone Arrow (safe; 1% risk of failure)
Confirm with . or Enter, or press ? or * to list all spells.
Aiming: Stone Arrow (safe; 1% risk of failure)
Press: ? - help, Shift-Dir - straight line, f/p - frost giant
Aim: a frost giant, wielding a +2 battleaxe of freezing (moderately wounded, 98% to hit)
You feel a surge of power!
The stone arrow hits the frost giant!
The frost giant is moderately wounded.
The frost giant hits you with a +2 battleaxe of freezing!
* * * LOW HITPOINT WARNING * * *
Casting: Stone Arrow (safe; 1% risk of failure)
Confirm with . or Enter, or press ? or * to list all spells.
Aiming: Stone Arrow (safe; 1% risk of failure)
Press: ? - help, Shift-Dir - straight line, f/p - frost giant
Aim: a frost giant, wielding a +2 battleaxe of freezing (moderately wounded, 98% to hit)
You feel a surge of power!
The stone arrow hits the frost giant.
The frost giant is moderately wounded.
The frost giant hits you with a +2 battleaxe of freezing!!
You die...

##..#..# ####
#..##Y.## ##..##
#.Y###÷Y# ##....#
##..# #..## ##.....##
#..## ##YY# ##.......#
##.# #Y.# #........##
#†Y# ##.## ###
##........###†## #..#
..## ###...#....@##..#
##.#
...###......##...C..##
#C##
....#.......##.....##
#..##
##..÷.##....###...##
##..#
###..####....###..#
#..# #### #.....# #.##
#..# ##....# ### ##.#
##...## #..# ###
##÷..# #..#


You could see a frost giant.

Vanquished Creatures
  5 hydras
  A catoblepas (Lair:2)
  2 two-headed ogres
  4 death yaks (IceCv)
  An ugly thing (D:11)
  2 black mambas
  An ice statue (IceCv)
  A merfolk siren (Lair:2)
  A torpor snail (Lair:2)
  Psyche (D:9)
  7 cane toads
  5 komodo dragons
  6 rime drakes (IceCv)
  A queen bee (Lair:2)
  7 polar bears
  A hornet (D:9)
  Prince Ribbit (D:8)
  4 blink frogs
  25 yaks
  2 basilisks
  3 steam dragons
  Edmund (D:6)
  An acid dragon (D:8)
  9 water moccasins
  3 black bears
  2 necrophages
  2 ogres
  5 orc warriors
  10 wolves (IceCv)
  2 phantoms
  4 centaurs
  4 kobold brigands
  Blork the orc (D:6)
  15 bullfrogs
  3 scorpions
  A water moccasin skeleton (D:4)
  38 killer bees
  An electric eel (Lair:2)
  A howler monkey (D:9)
  4 centaur zombies
  3 hounds
  2 jellies
  A centaur skeleton (D:6)
  A bullfrog skeleton (D:3)
  2 orc priests
  Jessica (D:2)
  Natasha (thrice) (D:4)
  2 iguanas
  10 orc wizards
  6 mummies (Ossuary)
  3 howler monkey zombies (D:9)
  Robin (D:2)
  4 gnolls
  4 adders
  A white imp (D:7)
  2 ufetubi (D:5)
  2 adder skeletons (D:4)
  2 worms (D:2)
  4 dart slugs
  42 orcs
  5 bats
  8 endoplasms
  A giant cockroach (D:2)
  22 goblins
  6 hobgoblins
  8 jackals
  32 kobolds
  7 quokkas
  6 ball pythons
  4 frilled lizards
  A goblin zombie (Ossuary)
  4 hobgoblin zombies (Ossuary)
  2 kobold zombies (Ossuary)
  An orc zombie (Ossuary)
  A quokka skeleton (D:4)
  3 rats
395 creatures vanquished.

Vanquished Creatures (collateral kills)
  2 death yaks (IceCv)
2 creatures vanquished.

Vanquished Creatures (others)
  A kobold (D:10)
  7 fungi (Lair:2)
  12 plants
20 creatures vanquished.

Grand Total: 417 creatures vanquished

Notes
Turn   | Place    | Note
-------+----------+-------------------------------------------
     0 | D:1      | safid the Gargoyle Earth Elementalist began the quest for
                  | the Orb.
     0 | D:1      | Reached XP level 1. HP: 10/10 MP: 3/3
   370 | D:1      | Reached XP level 2. HP: 6/16 MP: 0/5
   885 | D:1      | Reached skill level 1 in Fighting
  1629 | D:2      | Reached XP level 3. HP: 12/20 MP: 3/6
  2198 | D:2      | Noticed Jessica
  2203 | D:2      | Killed Jessica
  2204 | D:2      | Reached XP level 4. HP: 15/26 MP: 3/8
  2387 | D:2      | Noticed Robin
  2392 | D:2      | Killed Robin
  2703 | D:2      | Learned a level 3 spell: Stone Arrow
  2767 | D:2      | Reached XP level 5. HP: 12/31 MP: 6/9
  3945 | D:3      | Found Netalyalu's Antique Armour Shop.
  4030 | D:3      | Reached skill level 1 in Conjurations
  4181 | D:3      | Found a faded altar of an unknown god.
  4380 | D:3      | Reached skill level 5 in Earth Magic
  4380 | D:3      | Reached skill level 1 in Evocations
  4380 | D:3      | Reached XP level 6. HP: 20/36 MP: 10/10
  4935 | D:4      | Found a blossoming altar of Fedhas.
  4936 | D:4      | Noticed a necrophage
  4942 | D:4      | Killed a necrophage
  4949 | D:4      | Got the Guide on Fire and Clay
  5340 | D:3      | Reached XP level 7. HP: 12/42 MP: 0/12
  5902 | D:4      | Noticed Natasha
  5906 | D:4      | Killed Natasha
  6047 | D:4      | Noticed Natasha
  6050 | D:4      | Killed Natasha
  6106 | D:4      | Noticed Natasha
  6109 | D:4      | Killed Natasha
  6191 | D:4      | Found a runed translucent door.
  6192 | D:4      | Noticed Crazy Yiuf
  6323 | D:5      | Entered Level 5 of the Dungeon
  6548 | D:5      | Reached XP level 8. HP: 48/48 MP: 1/14
  6951 | D:5      | Reached skill level 5 in Fighting
  7697 | D:6      | Reached skill level 5 in Spellcasting
  7770 | D:6      | Noticed Edmund
  7776 | D:6      | Killed Edmund
  7777 | D:6      | Reached XP level 9. HP: 54/54 MP: 3/16
  7888 | D:6      | Found a hide-covered altar of Uskayaw.
  7894 | D:6      | Found a shimmering blue altar of Sif Muna.
  7994 | D:6      | Noticed Blork the orc
  7997 | D:6      | Killed Blork the orc
  8107 | D:6      | Reached skill level 5 in Conjurations
  8704 | D:7      | Found a staircase to the Ecumenical Temple.
  8714 | Temple   | Entered the Ecumenical Temple
  9028 | Temple   | Became a worshipper of Vehumet
  9570 | D:8      | Reached skill level 1 in Translocations
  9660 | D:8      | Noticed Prince Ribbit
  9667 | D:8      | Killed Prince Ribbit
  9715 | D:8      | Found a sand-covered staircase.
  9745 | Ossuary  | Entered an ossuary
  9976 | Ossuary  | Reached * piety under Vehumet
  9976 | Ossuary  | Offered knowledge of Freeze by Vehumet.
 10391 | D:8      | Found Wuorime's Antique Armour Boutique.
 10475 | D:8      | Reached XP level 10. HP: 60/61 MP: 8/19
 11087 | D:9      | Offered knowledge of Static Discharge by Vehumet.
 11090 | D:9      | Reached ** piety under Vehumet
 11374 | D:9      | Found a large runed translucent door.
 11374 | D:9      | Found a large runed translucent door.
 11378 | D:9      | Noticed Diggabert's ghost (novice VSGl)
 11400 | D:9      | Noticed a two-headed ogre
 11426 | D:9      | Killed a two-headed ogre
 11713 | D:9      | Found a white marble altar of Elyvilon.
 12129 | D:9      | Identified the +1 plate armour of Guqaig {Will+ Dex+3
                  | Stlth+}
 12356 | D:9      | Offered knowledge of Dazzling Flash by Vehumet.
 12960 | D:10     | Entered Level 10 of the Dungeon
 12962 | D:10     | Noticed Psyche
 13058 | D:9      | Gained mutation: Your body sometimes deteriorates upon
                  | taking damage. [potion of mutation]
 13058 | D:9      | Gained mutation: You have hidden genetic defects. [potion
                  | of mutation]
 13058 | D:9      | Gained mutation: You are occasionally teleported next to
                  | monsters. [potion of mutation]
 13058 | D:9      | Gained mutation: You are strong-willed. (Will+) [potion of
                  | mutation]
 13064 | D:9      | Killed Psyche
 13067 | D:9      | Lost mutation: Your body sometimes deteriorates upon taking
                  | damage. [potion of mutation]
 13067 | D:9      | Lost mutation: You are occasionally teleported next to
                  | monsters. [potion of mutation]
 13067 | D:9      | Lost mutation: You have hidden genetic defects. [potion of
                  | mutation]
 13067 | D:9      | Gained mutation: Armour fits poorly on your strangely
                  | shaped body. [potion of mutation]
 13067 | D:9      | Gained mutation: You have a pair of small antennae on your
                  | head. [potion of mutation]
 13396 | D:10     | Found a staircase to the Lair.
 13448 | D:10     | Reached *** piety under Vehumet
 13449 | D:10     | Reached skill level 10 in Earth Magic
 13449 | D:10     | Reached XP level 11. HP: 69/69 MP: 17/22
 14407 | D:11     | Noticed a green ugly thing
 14415 | D:11     | Killed a green ugly thing
 14532 | D:11     | Noticed a two-headed ogre
 14543 | D:11     | Offered knowledge of Conjure Flame by Vehumet.
 14547 | D:11     | Killed a two-headed ogre
 14697 | Lair:1   | Entered Level 1 of the Lair of Beasts
 15354 | Lair:1   | Noticed a seven-headed hydra
 15373 | Lair:1   | Killed a seven-headed hydra
 15503 | Lair:1   | Noticed a seven-headed hydra
 15510 | Lair:1   | Killed a seven-headed hydra
 15511 | Lair:1   | Reached skill level 10 in Fighting
 15693 | Lair:1   | Reached **** piety under Vehumet
 15881 | Lair:1   | Reached XP level 12. HP: 77/77 MP: 14/24
 15897 | Lair:1   | Reached skill level 10 in Conjurations
 16347 | Lair:2   | Found a staircase to the Shoals.
 16358 | Lair:2   | Offered knowledge of Mephitic Cloud by Vehumet.
 16407 | Lair:2   | Noticed a four-headed hydra
 16408 | Lair:2   | Noticed a four-headed hydra
 16920 | Lair:2   | Noticed a seven-headed hydra
 16924 | Lair:2   | Killed a seven-headed hydra
 17048 | Lair:2   | Killed a four-headed hydra
 17626 | Lair:2   | Noticed a catoblepas
 17712 | Lair:2   | Killed a catoblepas
 18328 | Lair:2   | Reached ***** piety under Vehumet
 18336 | Lair:2   | Offered knowledge of Ozocubu's Refrigeration by Vehumet.
 18876 | Lair:2   | Killed a four-headed hydra
 18877 | Lair:2   | Reached skill level 10 in Spellcasting
 19192 | Lair:3   | Reached XP level 13. HP: 73/84 MP: 12/27
 19224 | Lair:3   | Found a frozen archway.
 19235 | IceCv    | Entered an ice cave
 20541 | IceCv    | Noticed a frost giant
 20609 | IceCv    | Mangled by a frost giant

Illustrated notes

Levels and vault maps discovered:
D:1:      dpeg_arrival_tiny_c, layout_basic, chequers_serial_rivers_micro_d,
          nrook_mini_backslash
D:2:      layout_loops_ring, uniq_robin, uniq_jessica
D:3:      cheibrodos_helix_gallery, layout_basic, serial_shops, shop,
          ebering_ecumenical_altar_mist, roderic_roman_lattice, minivault_5
D:4:      layout_rooms, mainiacjoe_overflow_paths, uniq_natasha,
          uniq_crazy_yiuf_cottage
D:5:      layout_rooms
D:6:      layout_basic, grunt_temple_overflow_open, uniq_blork_the_orc,
          uniq_edmund
D:7:      layout_rooms, minmay_temple_entry_statues_fountains,
          kennysheep_generic_room_15
D:8:      layout_rooms, serial_shops, shop,
          nicolae_ossuary_entry_false_entrances, kennysheep_cross_room,
          uniq_prince_ribbit1
D:9:      minmay_thinvault, layout_loops_ring,
          mainiacjoe_overflow_six_doors_small, ebering_ghost_disaster_area,
          special_room [special_room_orc]
D:10:     layout_roguey, david_lair_shrubbed, uniq_psyche
D:11:     layout_roguey, erik_orc_4
Temple:   dpeg_five_rooms_temple
Lair:1:   layout_loops_ring, nzn_random_ring, infiniplex_staircase_pool
Lair:2:   layout_hall_layers, minmay_shoals_entry_lonely_mermaid, special_room
          [special_room_bee], st_stairs_7, hangedman_lair_generics_rect,
          serial_bayou_shore_a
Lair:3:   layout_cave_pods, portal_ice_cave_entry_pillars_1, grunt_megastairs_5,
          serial_bayou_shore_b
IceCv:    ice_cave_small_giant

Skill      XL: |  1  2  3  4  5  6  7  8  9 10 11 12 13 |
---------------+----------------------------------------+-----
Fighting       | 1 2 3 4 5 6 8 10 11 12 | 12.0
Earth Magic    | 4 5 6 7 8 10 12 | 12.0
Dodging        | 2 |  2.0
Spellcasting   | 3 4 5 6 7 8 10 11 | 11.1
Conjurations   | 1 2 3 4 6 8 9 11 12 | 12.7
Evocations     | 1 2 3 4 |  4.0
Translocations | 2 3 |  3.0
Stealth        | |  2.1
Transmutations | |  0.7

Action                   |  1- 3 |  4- 6 |  7- 9 | 10-12 | 13-15 || total
-------------------------+-------+-------+-------+-------+-------++-------
Melee: Unarmed           |     9 |       |       |       |       ||     9
       Falchion          |    14 |       |       |       |       ||    14
       Staff             |    57 |   239 |     5 |    42 |     3 ||   346
       Punch             |     1 |     3 |       |     1 |       ||     5
 Cast: Sandblast         |    22 |    37 |    40 |   206 |    47 ||   352
       Stone Arrow       |       |     2 |    99 |   188 |    60 ||   349
Evoke: Wand              |       |       |       |     1 |       ||     1
  Use: Scroll            |       |       |     7 |     9 |     2 ||    18
       Potion            |       |       |       |     5 |     2 ||     7
 Stab: Sleeping          |     3 |     4 |       |       |       ||     7
Armor: Robe              |    34 |    94 |    15 |   155 |    30 ||   328
Dodge: Dodged            |    56 |   172 |    30 |   176 |    29 ||   463
Block: Other             |       |       |       |    90 |    16 ||   106
       Reflection        |       |       |       |     3 |     1 ||     4
